 Dungeon Crawl Stone Soup version 0.29-a0-284-gf9362112df (webtiles) character file.

Game seed: 7063374402755667923

90 peepeepoopoo the Covered (level 4, -7/36 HPs)
             Began as a Human Fighter on Mar 26, 2022.
             Mangled by a black bear (8 damage)
             ... on level 4 of the Dungeon on Mar 29, 2022.
             The game lasted 00:17:38 (3124 turns).

peepeepoopoo the Covered (Human Fighter)            Turns: 3124, Time: 00:17:39

Health: -7/36      AC:  9    Str: 19    XL:     4   Next: 85%
Magic:  4/4        EV:  9    Int:  8    God:
Gold:   180        SH:  4    Dex: 12    Spells: 3/3 levels left

rFire   . . .      SeeInvis .   g - +0 mace
rCold   . . .      Faith    .   c - +0 buckler
rNeg    . . .      Spirit   .   b - +0 scale mail
rPois   .          Reflect  .   (no helmet)
rElec   .          Harm     .   h - +0 cloak
rCorr   .          Rampage  .   (no gloves)
Will    .....                   n - +0 pair of boots
Stlth   ..........              (no amulet)
HPRegen 0.12/turn               (no ring)
MPRegen 0.09/turn               (no ring)

@: no status effects
A: no striking features
a: no special abilities


You were on level 4 of the Dungeon.
You visited 1 branch of the dungeon, and saw 3 of its levels.

You collected 180 gold pieces.

Inventory:

Hand Weapons
 a - a +0 long sword
 g - a +0 mace (weapon)
 i - a +0 short sword
 k - a +0 club
 m - a +0 short sword
 r - a +0 dagger of venom
Armour
 b - a +0 scale mail (worn)
 c - a +0 buckler (worn)
 h - a +0 cloak (worn)
 n - a +0 pair of boots (worn)
 s - a +0 ring mail
 v - a +0 pair of boots
Jewellery
 p - a +6 ring of intelligence
 x - a ring of resist corrosion
Wands
 w - a wand of flame (28)
Scrolls
 e - a scroll of teleportation {unknown}
 j - 4 scrolls of identify {unknown}
 o - a scroll of blinking {unknown}
 u - a scroll of noise {unknown}
Potions
 d - 3 potions of might
 f - a potion of heal wounds {unknown}
 l - a potion of haste {unknown}
 q - a potion of cancellation {unknown}
 t - 2 potions of magic {unknown}


   Skills:
 + Level 3.6 Fighting
 + Level 2.2 Long Blades
 + Level 1.7 Maces & Flails
 + Level 3.8 Armour
 + Level 0.4 Dodging
 + Level 3.2 Shields


You had 3 spell levels left.
You didn't know any spells.
Your spell library contained the following spells:

 Spells                   Type           Power      Damage    Failure   Level
 Animate Skeleton         Necr           0%         N/A       86%         1
 Apportation              Tloc           0%         N/A       86%         1
 Sting                    Tmut/Pois      0%         1d3       86%         1
 Summon Small Mammal      Summ           0%         N/A       86%         1
 Poisonous Vapours        Pois/Air       0%         N/A       94%         2
 Olgreb's Toxic Radiance  Pois           0%         N/A       100%        4


Dungeon Overview and Level Annotations

Branches:
Dungeon (4/15)
 Temple: D:4-7

Altars:


Message History

The black bear claws you but does no damage.
The black bear barely misses you.
You thump the black bear!
The black bear is heavily wounded.
The black bear barely misses you.
The black bear claws you but does no damage.
The black bear barely misses you.
You hit the black bear.
The black bear is severely wounded.
The black bear goes berserk!
You hit the black bear.
The black bear is severely wounded.
The black bear closely misses you. The black bear barely misses you.
The black bear claws you. You block the black bear's attack.
The black bear claws you but does no damage. x2
You hit the black bear.
The black bear is severely wounded.
The black bear bites you. The black bear claws you.
The black bear barely misses you. The black bear bites you!
The black bear claws you.
* * * LOW HITPOINT WARNING * * *
The black bear barely misses you.
You are too injured to fight recklessly!
You are too injured to fight recklessly!
You are too injured to fight recklessly!
You hit the black bear.
The black bear is almost dead.
The black bear misses you. The black bear claws you.
* * * LOW HITPOINT WARNING * * *
The black bear claws you but does no damage.
You block the black bear's attack. x2; The black bear barely misses you.
The black bear misses you. The black bear barely misses you.
The black bear claws you.
* * * LOW HITPOINT WARNING * * *
You barely miss the black bear.
The black bear is almost dead.
The black bear barely misses you. You block the black bear's attack.
The black bear claws you but does no damage.
The black bear bites you!
You die...

#..... #.....
##################.#.
#..............# #.#.
#..............###...
#..............##....
#..............##....
.####..............##....
.......h@................
.####..............######
#......######### ########


You could see a black bear (berserk).

Vanquished Creatures
  3 adders
  An ufetubus (D:4)
  A dart slug (D:1)
  3 orcs (D:4)
  5 endoplasms
  2 giant cockroaches (D:2)
  3 goblins
  5 hobgoblins
  8 jackals (D:1)
  5 kobolds
  3 quokkas
  2 ball pythons
  A bat (D:1)
  A frilled lizard (D:2)
  4 rats
47 creatures vanquished.

Vanquished Creatures (others)
  A plant (D:1)
1 creature vanquished.

Grand Total: 48 creatures vanquished

Notes
Turn   | Place    | Note
-------+----------+-------------------------------------------
     0 | D:1      | peepeepoopoo the Human Fighter began the quest for the Orb.
     0 | D:1      | Reached XP level 1. HP: 18/18 MP: 1/1
   474 | D:1      | Reached XP level 2. HP: 23/24 MP: 2/2
   920 | D:1      | Reached XP level 3. HP: 25/29 MP: 3/3
  1025 | D:1      | Found a faded altar of an unknown god.
  1041 | D:1      | Found a faded altar of an unknown god.
  1315 | D:2      | Identified the +6 falchion of Glory {vorpal, Int+4}
  2366 | D:2      | Reached XP level 4. HP: 25/35 MP: 4/4
  2551 | D:2      | Reached skill level 1 in Maces & Flails
  2735 | D:2      | You fall into a shaft and drop 2 floors!
  3107 | D:4      | Noticed a black bear
  3123 | D:4      | HP: 1/36 [black bear (4)]
  3124 | D:4      | Mangled by a black bear

Illustrated notes

Levels and vault maps discovered:
D:1:      nicolae_arrival_memento_mori, layout_basic,
          hellmonk_ecumenical_altar_the_god_not_taken, serial_bayou_lagoon_a
D:2:      layout_basic
D:4:      layout_basic, okawaru_ov_weapons_minmay, uniq_pikel

Skill      XL: |  1  2  3  4 |
---------------+-------------+-----
Maces & Flails | 1 |  1.7
Fighting       | |  3.6
Long Blades    | |  2.2
Armour         | |  3.8
Dodging        | |  0.4
Shields        | |  3.2

Action                   |  1- 3 |  4- 6 || total
-------------------------+-------+-------++-------
Melee: Long sword        |    24 |       ||    24
       Mace              |    57 |    61 ||   118
Armor: Scale mail        |    81 |    30 ||   111
Dodge: Dodged            |    55 |    38 ||    93
Block: Buckler           |    31 |    20 ||    51

Table legend: (Time is in decaauts)
 A = Elapsed time spent in this place.
 B = Non-inter-level travel time spent in this place.
 C = Inter-level travel time spent in this place.
 D = Time resting spent in this place.
 E = Time spent auto-exploring this place.
 F = Levels seen in this place.
 G = Mean time per level.
                   A        B        C        D        E       F      G
               +--------+--------+--------+--------+--------+-----+--------+
         Total |   3187 |   2892 |    295 |      0 |   2228 |   3 | 1062.3 |
       Dungeon |   3187 |   2892 |    295 |      0 |   2228 |   3 | 1062.3 |
               +--------+--------+--------+--------+--------+-----+--------+

Top non-repeatable levels by time:
     D:2: 1454 daAuts
     D:1: 1326 daAuts
     D:4: 405 daAuts
